 Dungeon Crawl Stone Soup version 0.30-a0-1075-gcd70e7a56d (webtiles) character file.

Game seed: 1566095093046119813

34 jasper the Sneak (level 3, 0/16 HPs)
             Began as a Spriggan Enchanter on Apr 13, 2023.
             Succumbed to an adder's poison
             ... on level 1 of the Dungeon on Apr 14, 2023.
             The game lasted 00:05:25 (1411 turns).

jasper the Sneak (Spriggan Enchanter)               Turns: 1411, Time: 00:05:25

Health: 0/16       AC:  2    Str:  4    XL:     3   Next: 14%
Magic:  0/8        EV: 17    Int: 18    God:
Gold:   62         SH:  0    Dex: 15    Spells: 5/7 levels left

rFire   . . .      SeeInvis +    g - +0 short sword
rCold   . . .      Faith    .    (no shield)
rNeg    . . .      Spirit   .    b - +0 robe
rPois   .          Reflect  .    (helmet restricted)
rElec   .          Rampage  .    (no cloak)
rCorr   .                        (gloves unavailable)
Will    .....                    (boots unavailable)
Stlth   +++                      (no amulet)
HPRegen 0.22/turn                (no ring)
MPRegen 0.11/turn                (no ring)

@: lethally poisoned (0 -> -6), very quick
A: very small, no large weapons, unfitting armour, see invisible, speed 3
a: no special abilities


You were on level 1 of the Dungeon.
You visited 1 branch of the dungeon, and saw 2 of its levels.

You collected 62 gold pieces.

Inventory:

Hand Weapons
 a - a +1 dagger
 g - a +0 short sword (weapon)
Missiles
 d - 12 stones
Armour
 b - a +0 robe (worn)
Scrolls
 e - a scroll of immolation {unknown}
 k - a scroll of blinking {unknown}
 l - a scroll of identify {unknown}
Potions
 c - 2 potions of invisibility
 f - a potion of mutation {unknown}
 h - a potion of magic {unknown}
 i - a potion of lignification {unknown}
 j - 3 potions of curing {unknown}
 m - a potion of cancellation {unknown}


   Skills:
 + Level 1.8 Short Blades
 + Level 3.2 Dodging
 + Level 5.0 Stealth
 - Level 2.6 Spellcasting
 + Level 4.0 Hexes
 + Level 0.4 Ice Magic


You had 5 spell levels left.
You knew the following spells:

 Your Spells              Type           Power      Damage    Failure   Level
a - Ensorcelled Hibernat  Hex/Ice        20%        N/A       10%         2

Your spell library contained the following spells:

 Spells                   Type           Power      Damage    Failure   Level
 Confusing Touch          Hex            17%        N/A       10%         3
 Tukima's Dance           Hex            17%        N/A       10%         3
 Dazzling Flash           Conj/Hex       18%        N/A       22%         3
 Inner Flame              Hex/Fire       9%         N/A       22%         3
 Portal Projectile        Hex/Tloc       18%        N/A       22%         3
 Call Canine Familiar     Summ           2%         N/A       45%         3
 Leda's Liquefaction      Hex/Erth       4%         N/A       58%         4
 Yara's Violent Unravell  Hex/Tmut       4%         3d4       90%         5
 Enfeeble                 Hex            8%         N/A       100%        7


Dungeon Overview and Level Annotations

Branches:
Dungeon (2/15)

Altars:

Shops:
D:2 (


Innate Abilities, Weirdness & Mutations

You are very small and have problems with some larger weapons.
You are too small for most types of armour.
You have supernaturally acute eyesight. (SInv)
You cover ground extremely quickly. (Speed+++)


Message History

You barely miss the adder.
The adder is heavily wounded.
You feel sick. The adder completely misses you.
You take 1 damage, and have 11/16 hp.
You hit the adder but do no damage.
The adder is heavily wounded.
You feel sick.
You are no longer poisoned.
The adder barely misses you. The adder completely misses you.
You take 1 damage, and have 10/16 hp.
You hit the adder.
The adder is severely wounded.
The adder bites you.
You take 2 damage, and have 8/16 hp.
You miss the adder.
The adder is severely wounded.
The adder bites you.
You are poisoned.
The adder poisons you!
You take 1 damage, and have 7/16 hp.
You hit the adder.
The adder is severely wounded.
You feel sick. The adder bites you.
* * * LOW HITPOINT WARNING * * *
You are lethally poisoned!
The adder poisons you!
You take 3 damage, and have 4/16 hp.
* * * LOW HITPOINT WARNING * * *
You feel sick.
* * * LOW HITPOINT WARNING * * *
You feel sick.
You take 1 damage, and have 3/16 hp.
Aiming: Ensorcelled Hibernation (safe; 10% risk of failure)
Press: ? - help, Q - select action, (/) - cycle Shift-Dir - straight line, f/p - adder
Aim: an adder (severely wounded, chance to affect: 52%)
The adder resists with significant effort.
* * * LOW HITPOINT WARNING * * *
You feel sick. The adder completely misses you.
You take 2 damage, and have 1/16 hp.
You now have 0/8 mp.
You die...

#..# #......g..........
#..#####.###.#######.....
#........# #.# #.....
##.####### #.# ##.... #.#
#.# ##... #S# #.# ##..
#.# #.# ##. #.#########.#
## #...gS.@....#
#############


You could see an adder and a hobgoblin.

Vanquished Creatures
  An adder (D:2)
  A worm (D:2)
  3 ball pythons (D:1)
  An endoplasm (D:1)
  2 giant cockroaches
  2 goblins (D:1)
  3 jackals (D:1)
  2 bats (D:1)
  A frilled lizard (D:1)
  3 kobolds (D:1)
  2 rats (D:1)
21 creatures vanquished.

Vanquished Creatures (others)
  A fungus (D:1)
  3 plants (D:1)
4 creatures vanquished.

Grand Total: 25 creatures vanquished

Notes
Turn   | Place    | Note
-------+----------+-------------------------------------------
     0 | D:1      | jasper the Spriggan Enchanter began the quest for the Orb.
     0 | D:1      | Reached XP level 1. HP: 9/9 MP: 5/5
   239 | D:2      | Found Noetzes's Antique Weapon Shoppe.
   244 | D:2      | Reached XP level 2. HP: 11/13 MP: 6/6
   285 | D:1      | Learned a level 2 spell: Ensorcelled Hibernation
   908 | D:1      | Found a faded altar of an unknown god.
  1142 | D:2      | Reached skill level 5 in Stealth
  1142 | D:2      | Reached XP level 3. HP: 16/16 MP: 5/8
  1369 | D:1      | Upgraded the game from 0.30-a0-1074-g5db6f66fbb to
                  | 0.30-a0-1075-gcd70e7a56d
  1411 | D:1      | Succumbed to an adder's poison

Illustrated notes

Levels and vault maps discovered:
D:1:      lightli_arrival_farm, layout_loops_ring,
          shapermc_ecumenical_altar_mp_ritualfount
D:2:      layout_basic, serial_shops, shop, uniq_sigmund

Skill      XL: |  1  2 |
---------------+-------+-----
Dodging        | 3 |  3.2
Stealth        | 5 |  5.0
Hexes          | 4 |  4.0
Short Blades   | |  1.8
Spellcasting   | |  2.6
Ice Magic      | |  0.4

Action                     || total
---------------------------++-------
  Melee: Dagger            ||    80
         Short sword       ||    17
   Cast: Ensorcelled Hiber ||    22
   Stab: Sleeping          ||    13
 Armour: Robe              ||    12
  Dodge: Dodged            ||    91

Table legend: (Time is in decaauts)
 A = Elapsed time spent in this place.
 B = Non-inter-level travel time spent in this place.
 C = Inter-level travel time spent in this place.
 D = Time resting spent in this place.
 E = Time spent auto-exploring this place.
 F = Levels seen in this place.
 G = Mean time per level.
                   A        B        C        D        E       F      G
               +--------+--------+--------+--------+--------+-----+--------+
         Total |   1062 |   1049 |     13 |     83 |    645 |   2 |  531.0 |
       Dungeon |   1062 |   1049 |     13 |     83 |    645 |   2 |  531.0 |
               +--------+--------+--------+--------+--------+-----+--------+

Top non-repeatable levels by time:
     D:1: 925 daAuts
     D:2: 137 daAuts
